 Dungeon Crawl Stone Soup version 0.21.1-1-g345015f (webtiles) character file.

4840 buskinjo2 the Basher (level 10, 0/96 HPs)
             Began as an Octopode Fighter on Mar 2, 2018.
             Was an Initiate of Gozag.
             Slain by a hippogriff (1 damage)
             ... on level 9 of the Dungeon.
             The game lasted 00:23:54 (8960 turns).

buskinjo2 the Basher (Octopode Fighter)             Turns: 8960, Time: 00:23:55

Health: 0/96       AC:  1    Str: 23    XL:     10   Next: 49%
Magic:  13/13      EV: 12    Int: 15    God:    Gozag
Gold:   312        SH: 10    Dex: 11    Spells: 8/9 levels left

rFire    . . .     SeeInvis .   a - +2 flail
rCold    + . .     Gourm    .   i - +0 shield
rNeg     . . .     Faith    .   (helmet restricted)
rPois    +         Spirit   .   (no amulet)
rElec    .         Reflect  .   B - ring of protection from cold
rCorr    .         Harm     .   z - ring of Discretion {rPois Int+3}
MR       .....                  (no ring)
Stlth    ..........             (no ring)
HPRegen  0.26/turn              (no ring)
MPRegen  0.13/turn              (no ring)
                                (no ring)
                                (no ring)

@: berserking, gold aura, very slightly contaminated, invisible, very quick
A: almost no armour, stealthy swim, amphibious, 8 rings, constrict 8, camouflage
1, gelatinous body 1
a: Potion Petition, Call Merchant, Bribe Branch, Renounce Religion


You were on level 9 of the Dungeon.
You worshipped Gozag.
Gozag was aware of your devotion.
You were not hungry.

You visited 2 branches of the dungeon, and saw 11 of its levels.

You collected 925 gold pieces.
You spent 472 gold pieces at shops.
You paid 141 gold pieces to Gozag.

Inventory:

Hand Weapons
 a - a +2 flail (weapon)
 b - a +3 whip of slashing
 l - a +1 mace of crushing
Missiles
 o - a throwing net (quivered)
Armour
 i - a +0 shield (worn)
Magical Staves
 C - an uncursed staff of poison
Jewellery
 m - the ring of Tiust {MR+ MP+9 EV+1 Stlth-}
   (You found it on level 8 of the Dungeon)

   [ring of evasion]

   It affects your evasion (+1).
   It affects your resistance to hostile enchantments.
   It affects your magic capacity (+9).
   It makes you less stealthy.
 z - the ring of Discretion (right tentacle) {rPois Int+3}
   (You found it on level 8 of the Dungeon)

   [ring of poison resistance]

   It affects your intelligence (+3).
   It protects you from poison.
 B - a ring of protection from cold (left tentacle)
Wands
 e - a wand of flame (23)
 n - a wand of digging (10)
 w - a wand of disintegration (4)
Scrolls
 c - 2 scrolls of amnesia
 f - 6 scrolls of remove curse
 g - 8 scrolls of teleportation
 h - a scroll of immolation
 q - a scroll of blinking
 s - 2 scrolls of magic mapping
 y - a scroll of fog
Potions
 j - 2 potions of mutation
 p - 3 potions of might
 r - a potion of curing
 u - a potion of cancellation {unknown}
 D - a potion of haste {unknown}
Books
 t - a book of Enchantments

   Spells                             Type                      Level
   a - Cause Fear                     Hexes                        4
   b - Yara's Violent Unravelling     Hexes/Transmutation          5
   c - Silence                        Hexes/Air                    5
   d - Deflect Missiles               Charms/Air                   6
   e - Discord                        Hexes                        8
 x - a book of Cantrips

   Spells                             Type                      Level
   a - Confusing Touch                Hexes                        1
   b - Animate Skeleton               Necromancy                   1
   c - Summon Small Mammal            Summoning                    1
   d - Apportation                    Translocation                1
Comestibles
 d - 12 rations


   Skills:
 - Level 4.2 Fighting
 + Level 12.5 Maces & Flails
 - Level 3.0 Dodging
 - Level 5.1 Stealth
 - Level 6.0 Shields
 - Level 4.4 Evocations


You had 8 spell levels left.
You knew the following spells:

 Your Spells              Type           Power        Failure   Level  Hunger
b - Apportation           Tloc           #.....       65%         1    ##.....


Dungeon Overview and Level Annotations

Branches:
Dungeon (10/15)            Temple (1/1) D:7
   Lair: D:8-11         Orc: D:9-12

Altars:
Ashenzari
Cheibriados
Dithmenos
Elyvilon
Fedhas
Gozag
Hepliaklqana
Kikubaaqudgha
Makhleb
Nemelex Xobeh
Okawaru
Qazlal
Ru
Sif Muna
Trog
Uskayaw
Vehumet
Wu Jian
Xom
Yredelemnul
Zin
The Shining One

Shops:
D:6 %   D:7 ?

Annotations:
D:4 letownia2's ghost, weakling TeWz
D:10 Sonja


Innate Abilities, Weirdness & Mutations

You cannot wear most types of armour.
You are very stealthy in the water. (Stealth+)
You are amphibious.
You can wear up to eight rings at the same time.
You can use your tentacles to constrict eight enemies at once.
Your skin changes colour to match your surroundings (Stealth+).
Your rubbery body absorbs attacks. (AC +1, EV +1)


Message History

You are very lightly contaminated with residual magic.
Unknown command.
You feel better. The hippogriff closely misses you. The hippogriff pecks you.
* * * LOW HITPOINT WARNING * * *
You block the hippogriff's attack.
You catch the helpless hippogriff completely off-guard!
You sock the hippogriff!
The hippogriff is almost dead.
You block the hippogriff's attack. The hippogriff barely misses you.
The hippogriff claws you.
* * * LOW HITPOINT WARNING * * *
A red film seems to cover your vision as you go berserk!
You feel yourself moving faster!
You feel mighty! You block the hippogriff's attack.
The hippogriff barely misses you. The hippogriff misses you.
You closely miss the hippogriff.
The hippogriff is almost dead.
You block the hippogriff's attack. The hippogriff pecks you.
You die...
Your body crumbles into a pile of gold.

##..#
##########'##
#...........#
#...........+
#.(.........#
#...........#
#...........#
######'######
#@# #H## #..#
#####.####
#....?...#
#........#
#........#
#...........
#........###


You could see a hippogriff.

Vanquished Creatures
  The ghost of buskinjo2 the Basher, a journeyman OpFi of Gozag (D:9)
  Pikel (D:6)
  A centaur zombie (D:6)
  Sigmund (D:2)
  A hungry ghost (D:9)
  2 water moccasins
  3 orc warriors
  A sky beast (D:8)
  A hornet zombie (D:6)
  3 ice beasts
  A necrophage (D:9)
  A slave (D:6)
  3 ogres
  2 centaurs
  A crocodile (D:9)
  4 bullfrogs
  4 scorpions
  4 howler monkeys
  3 crimson imps
  A quasit (D:6)
  2 bullfrog zombies
  2 centaur skeletons (D:8)
  7 orc wizards
  An orc priest (D:8)
  2 bullfrog skeletons (D:5)
  Natasha (twice) (D:3)
  3 iguanas
  Ijyb (D:3)
  4 worker ants
  A killer bee zombie (D:8)
  A hound zombie (D:3)
  A worker ant zombie (D:6)
  3 gnolls (D:5)
  A howler monkey skeleton (D:8)
  6 adders
  2 shadow imps (D:8)
  An ooze (D:3)
  2 adder skeletons (D:5)
  2 dart slugs (D:1)
  The ghost of letownia2 the Magician, a weakling TeWz (D:5)
  9 leopard geckos
  16 orcs
  5 giant cockroaches
  6 goblins
  9 hobgoblins
  10 jackals
  2 quokkas
  A ball python (D:5)
  8 bats
  5 frilled lizards
  9 kobolds
  2 leopard gecko skeletons (D:4)
  6 rats
172 creatures vanquished.

Notes
Turn   | Place    | Note
-------+----------+-------------------------------------------
     0 | D:1      | buskinjo2 the Octopode Fighter began the quest for the Orb.
     0 | D:1      | Reached XP level 1. HP: 16/16 MP: 1/1
   138 | D:1      | Reached XP level 2. HP: 19/21 MP: 2/2
   188 | D:1      | Reached skill level 3 in Maces & Flails
   370 | D:1      | Reached XP level 3. HP: 21/26 MP: 3/3
   779 | D:2      | Noticed Sigmund
   784 | D:2      | Killed Sigmund
   784 | D:2      | Reached skill level 5 in Maces & Flails
   784 | D:2      | Reached XP level 4. HP: 8/31 MP: 4/4
   784 | D:2      | Reached XP level 5. HP: 9/36 MP: 5/5
   794 | D:2      | HP: 1/36 [poisoned by an adder]
  1104 | D:2      | Reached skill level 6 in Maces & Flails
  1173 | D:2      | Reached XP level 6. HP: 33/42 MP: 6/6
  1810 | D:3      | Found a faded altar of an unknown god.
  1876 | D:3      | Noticed Ijyb
  1885 | D:3      | Killed Ijyb
  2175 | D:3      | Noticed Natasha
  2178 | D:3      | Killed Natasha
  2284 | D:3      | Noticed Natasha
  2291 | D:3      | Killed Natasha
  2470 | D:4      | Reached skill level 7 in Maces & Flails
  2470 | D:4      | Reached XP level 7. HP: 17/46 MP: 7/7
  2976 | D:4      | Noticed letownia2's ghost (weakling TeWz)
  3009 | D:5      | Entered Level 5 of the Dungeon
  3011 | D:5      | Noticed letownia2's ghost (weakling TeWz)
  3048 | D:5      | Killed letownia2's ghost
  3347 | D:5      | Reached skill level 8 in Maces & Flails
  3929 | D:5      | Reached skill level 9 in Maces & Flails
  3929 | D:5      | Reached XP level 8. HP: 25/52 MP: 8/8
  4264 | D:6      | Reached skill level 1 in Evocations
  4860 | D:6      | Reached skill level 10 in Maces & Flails
  4860 | D:6      | Reached XP level 9. HP: 29/56 MP: 12/12
  5049 | D:6      | Found Ludwixar's Food Shop.
  5283 | D:6      | Noticed Pikel
  5314 | D:6      | Killed Pikel
  5314 | D:6      | Reached skill level 11 in Maces & Flails
  5691 | D:7      | Found Duthu's Magic Scroll Boutique.
  5714 | D:7      | Found a sparkling altar of Nemelex Xobeh.
  5827 | D:7      | Found a staircase to the Ecumenical Temple.
  5876 | Temple   | Entered the Ecumenical Temple
  5955 | Temple   | Became a worshipper of Gozag Ym Sagoz the Greedy
  6635 | D:8      | Reached skill level 12 in Maces & Flails
  6926 | D:8      | Learned a level 1 spell: Animate Skeleton
  6928 | D:8      | Learned a level 1 spell: Apportation
  7056 | D:8      | Got a glittering lead ring
  7061 | D:8      | Identified the ring of Tiust {MR+ MP+9 EV+1 Stlth-} (You found it on level 8 of the Dungeon)
  7368 | D:8      | Found a hazy altar of Hepliaklqana.
  7372 | D:8      | Noticed a two-headed ogre
  7595 | D:7      | Bought a scroll of blinking for 120 gold pieces
  7595 | D:7      | Bought a scroll of fog for 32 gold pieces
  7595 | D:7      | Bought a scroll of brand weapon for 320 gold pieces
  7716 | D:8      | Got a steaming iron ring
  7820 | D:9      | Noticed a two-headed ogre
  7827 | D:9      | Identified the ring of Discretion {rPois Int+3} (You found it on level 8 of the Dungeon)
  7849 | D:9      | Reached skill level 5 in Shields
  7849 | D:9      | Reached XP level 10. HP: 63/63 MP: 13/13
  7857 | D:9      | Noticed a two-headed ogre
  7862 | D:10     | Entered Level 10 of the Dungeon
  7865 | D:10     | Noticed a two-headed ogre
  7875 | D:10     | Noticed Sonja
  8024 | D:9      | Noticed buskinjo2's ghost (journeyman OpFi)
  8044 | D:9      | Killed buskinjo2's ghost
  8044 | D:9      | Reached skill level 5 in Stealth
  8726 | D:10     | Noticed a cyclops
  8958 | D:9      | HP: 1/64 [hippogriff (6)]
  8960 | D:9      | Slain by a hippogriff

Skill      XL: |  1  2  3  4  5  6  7  8  9 10 |
---------------+-------------------------------+-----
Maces & Flails | 3 5 6 7 9 10 12 | 12.5
Evocations     | 4 |  4.4
Shields        | 5 6 |  6.0
Stealth        | 5 |  5.1
Fighting       | 4 |  4.2
Dodging        | |  3.0

Action                   |  1- 3 |  4- 6 |  7- 9 | 10-12 || total
-------------------------+-------+-------+-------+-------++-------
Melee: Flail             |    53 |    82 |   154 |    29 ||   318
       Constrict         |    12 |    16 |    59 |     8 ||    95
       Tentacles         |     7 |    20 |    67 |    15 ||   109
       Whip              |       |       |   132 |    72 ||   204
Throw: Throwing net      |       |     1 |       |       ||     1
Evoke: Wand              |       |       |     5 |       ||     5
  Use: Potion            |     1 |     2 |     1 |     3 ||     7
       Scroll            |       |       |    20 |     3 ||    23
 Stab: Sleeping          |     4 |    11 |     4 |     2 ||    21
       Distracted        |       |       |     1 |     1 ||     2
       Invisible         |       |       |       |     1 ||     1
  Eat: Chunk             |       |     5 |     4 |       ||     9
       Ration            |       |       |     4 |     2 ||     6
Armor: Skin              |     4 |     7 |    13 |     2 ||    26
Dodge: Dodged            |    17 |    38 |   110 |    38 ||   203
Block: Shield            |    20 |    24 |    96 |    41 ||   181
